AoeStats
← shamza1235

Arena

504457419Analyzed
1v1 RM · 28d ago on Sep 5, 2026· 44m 36s· 2 players
Game mode
Random Map
Map size
Tiny (2 player)
Population
200
Speed
Normal
Resources
Standard
Victory
Conquest
Starting age
Dark Age
Ending age
Imperial Age
RankedLock teamsTeams togetherTeam positionsShared explorationLock speedFull tech treeHidden civsTurbo modeCheats
Victory
Defeat
🇲🇦 Khmer · Morocco
616
+32
🇨🇳 Chinese · China
633
-17
shamza1235
10:20 Feudal Age
15:39 Castle Age
14:08 Double-Bit Axe
14:11 Horse Collar
14:40 Gold Mining
22:19 Wheelbarrow
24:40 Bow Saw
31:57 Imperial Age
32:18 Heavy Scorpion
36:46 Ballistics
37:27 Chemistry
40:17 Double Crossbow
301301301
0:33 Loom
11:33 Feudal Age
14:35 Arson
17:54 Castle Age
16:06 Double-Bit Axe
16:20 Horse Collar
17:41 Gold Mining
18:37 Town Watch
21:12 Wheelbarrow
23:00 Heavy Plow
29:53 Hand Cart
30:00 Town Patrol
31:41 Squires
32:15 Stone Mining
33:00 Gold Shaft Mining
39:04 Imperial Age
37:12 Murder Holes
41:53 Chemistry
41:14 Ballistics
41:05 Fortified Wall
41:06 Masonry
42:57 Great Wall
43:09 Elite Skirmisher
44:06 Padded Archer Armor
43:57 Fletching
44:09 Scale Mail Armor
44:19 Forging
Connection lost

Rejoining the realm…

Still unreachable

The connection could not be restored.

Session expired

The server has moved on; the page needs a fresh start.